 Dungeon Crawl Stone Soup version 0.30-a0-534-gdc55766716 (webtiles) character file.

Game seed: 1015613484592603416

368 bande the Trooper (level 6, -1/39 HPs)
             Began as a Gargoyle Fighter on Dec 25, 2022.
             Killed by divine providence
             ... invoked by an orc priest
             ... summoned by an orc
              (14 damage)
             ... on level 5 of the Dungeon.
             The game lasted 00:05:25 (3179 turns).

bande the Trooper (Gargoyle Fighter)                Turns: 3179, Time: 00:05:26

Health: -1/39      AC: 22    Str: 19    XL:     6   Next: 69%
Magic:  6/6        EV:  9    Int: 11    God:
Gold:   194        SH:  4    Dex: 11    Spells: 5/5 levels left

rFire   . . .      SeeInvis .    a - +0 war axe
rCold   + . .      Faith    .    c - +0 buckler
rNeg    + . .      Spirit   .    m - +5 plate armour "Yhyer" {+Blink Int+2}
rPois   ∞          Reflect  .    (no helmet)
rElec   +          Harm     .    (no cloak)
rCorr   .          Rampage  .    (no gloves)
Will    .....                    p - +0 pair of boots Stlth
                                 (no amulet)
HPRegen 0.26/turn                l - +4 ring of evasion
MPRegen 0.10/turn                i - ring of protection from cold

@: no status effects
A: sickness immunity, AC +4, negative energy resistance 1, electricity
resistance, torment resistance 1, petrification resistance
a: Evoke Blink


You were on level 5 of the Dungeon.
You visited 1 branch of the dungeon, and saw 5 of its levels.

You collected 194 gold pieces.

Inventory:

Hand Weapons
 a - a +0 war axe (weapon)
 n - a +0 war axe
Armour
 c - a +0 buckler (worn)
 m - the +5 plate armour "Yhyer" (worn) {+Blink Int+2}
   (You found it on level 3 of the Dungeon)

   Int:       It affects your intelligence (+2).
   +Blink:    It lets you blink.
 p - a +0 pair of boots (worn)
Jewellery
 g - a +6 ring of strength
 i - a ring of protection from cold (right hand)
 l - a +4 ring of evasion (left hand)
Scrolls
 f - a scroll of identify
 h - a scroll of fog
Potions
 b - a potion of invisibility
 d - 2 potions of might
 e - a potion of heal wounds
 j - 2 potions of curing
 q - 3 potions of brilliance


   Skills:
 + Level 4.3 Fighting
 + Level 4.3 Axes
 + Level 4.2 Armour
 + Level 4.3 Shields
 * Level 1.7 Evocations


You had 5 spell levels left.
You didn't know any spells.
Your spell library contained the following spells:

 Spells                   Type           Power      Damage    Failure   Level
 Call Canine Familiar     Summ           0%         N/A       100%        3
 Ozocubu's Armour         Ice            0%         N/A       100%        3
 Portal Projectile        Hex/Tloc       0%         N/A       100%        3
 Leda's Liquefaction      Hex/Erth       0%         N/A       100%        4
 Metabolic Englaciation   Hex/Ice        0%         N/A       100%        5
 Simulacrum               Ice/Necr       0%         N/A       100%        6


Dungeon Overview and Level Annotations

Branches:
Dungeon (5/15)
 Temple: D:4-7

Altars:
Qazlal
Ru
Wu Jian


Innate Abilities, Weirdness & Mutations

You are immune to sickness and miasma.
Your stone body is resilient. (AC +4)
You are immune to poison.
You resist negative energy. (rN+)
You are resistant to electric shocks. (rElec)
You are resistant to unholy torment.
You are immune to petrification.


Message History

Unknown command.
You barely miss the iguana.
The iguana is lightly wounded.
You block the iguana's attack.
The iguana bites you but does no damage.
You closely miss the iguana.
The iguana is lightly wounded.
The iguana hisses menacingly.
The iguana bites you!
You hit the iguana.
The iguana is lightly wounded.
The iguana bites you but does no damage.
You slash the iguana!
The iguana is severely wounded.
The iguana closely misses you. The iguana bites you!
* * * LOW HITPOINT WARNING * * *
You barely miss the iguana.
The iguana is severely wounded.
The iguana barely misses you.
You hit the iguana but do no damage.
The iguana is severely wounded.
The iguana closely misses you.
You slash the iguana!
You kill the iguana!
You now have 194 gold pieces (gained 9).
Things that are here:
a +0 short sword; a +0 ring mail; an orc corpse
Items here: ( )) [ †.
An orc comes into view. It is wielding a +0 short sword.
Things that are here:
a +0 dagger; a +0 robe; an orc corpse
Items here: )) [[.
The orc shouts!
You hear an angry hiss.
The orc reads a scroll.
Wisps of shadow swirl around the orc.
Things that are here:
a +0 short sword; a +0 war axe The orc priest shouts!
The orc priest mumbles some strange prayers to Beogh against you.
Beogh smites you!
You die...

...##....$.....!.
..........o.no...
....#....>..?...
#.###........... #
##..))).$....##
#...).)...#....#
......#.......##....
##...###...$......#
#.... #@........#
#.....#.........##
## .............?##
#.#.............
#.........#..!.
#.#...⌠..<##...
#..........##..
........#.## ..
........###


You could see a necrophage (summoned), an orc priest (summoned) and an orc.

Vanquished Creatures
  A hound (D:4)
  An orc priest (D:5)
  An iguana (D:5)
  2 orc wizards
  Natasha (thrice) (D:3)
  6 adders
  An ufetubus (D:4)
  2 worms (D:2)
  3 dart slugs
  14 orcs
  9 endoplasms
  A giant cockroach (D:2)
  8 goblins
  5 hobgoblins
  A jackal (D:1)
  5 quokkas
  4 ball pythons
  4 bats
  4 frilled lizards
  5 kobolds
  7 rats
87 creatures vanquished.

Notes
Turn   | Place    | Note
-------+----------+-------------------------------------------
     0 | D:1      | bande the Gargoyle Fighter began the quest for the Orb.
     0 | D:1      | Reached XP level 1. HP: 14/14 MP: 1/1
   138 | D:1      | Reached XP level 2. HP: 19/19 MP: 2/2
   894 | D:2      | Reached XP level 3. HP: 18/24 MP: 3/3
  1165 | D:2      | Reached XP level 4. HP: 26/29 MP: 4/4
  1567 | D:3      | Identified the +5 plate armour "Yhyer" {+Blink Int+2}
  1750 | D:3      | Found an ornate altar of the Wu Jian Council.
  1940 | D:3      | Noticed Natasha
  1950 | D:3      | Killed Natasha
  2177 | D:3      | Found a sacrificial altar of Ru.
  2179 | D:3      | Noticed Natasha
  2208 | D:3      | Killed Natasha
  2209 | D:3      | Reached XP level 5. HP: 27/33 MP: 5/5
  2349 | D:3      | Noticed Natasha
  2363 | D:3      | Killed Natasha
  2364 | D:3      | Reached skill level 1 in Evocations
  2838 | D:4      | Found a stormy altar of Qazlal.
  2866 | D:4      | Reached XP level 6. HP: 38/38 MP: 6/6
  3103 | D:5      | Entered Level 5 of the Dungeon
  3179 | D:5      | Killed from afar by an orc priest

Illustrated notes

Levels and vault maps discovered:
D:1:      elethiomel_arrival_infinity_welcomes_careful_drivers, layout_basic,
          st_stairs_3
D:2:      layout_basic
D:3:      layout_basic, mainiacjoe_overflow_concentric_impassable,
          mainiacjoe_overflow_small_starburst, uniq_natasha
D:4:      layout_rooms, mainiacjoe_overflow_six_doors_small,
          minmay_misc_feat_room
D:5:      layout_cave_pools, evilmike_ruin_ashenzari, yredelemnul_altar_generic,
          serial_column_ruins, column_ruins_hut_pillars,
          column_ruins_corridor_straight, column_ruins_open_small,
          column_ruins_grid_1, column_ruins_open_small, column_ruins_grid_3

Skill      XL: |  1  2  3  4  5  6 |
---------------+-------------------+-----
Axes           | 2 3 4 |  4.3
Fighting       | 4 |  4.3
Armour         | 4 |  4.2
Shields        | 4 |  4.3
Evocations     | 1 |  1.7

Action                   |  1- 3 |  4- 6 || total
-------------------------+-------+-------++-------
Melee: War axe           |    99 |   174 ||   273
  Use: Scroll            |       |    10 ||    10
Armor: Scale mail        |    54 |    15 ||    69
       Plate armour      |       |   113 ||   113
Dodge: Dodged            |    38 |    83 ||   121
Block: Buckler           |    25 |    41 ||    66

Table legend: (Time is in decaauts)
 A = Elapsed time spent in this place.
 B = Non-inter-level travel time spent in this place.
 C = Inter-level travel time spent in this place.
 D = Time resting spent in this place.
 E = Time spent auto-exploring this place.
 F = Levels seen in this place.
 G = Mean time per level.
                   A        B        C        D        E       F      G
               +--------+--------+--------+--------+--------+-----+--------+
         Total |   3320 |   3265 |     55 |     39 |   2379 |   5 |  664.0 |
       Dungeon |   3320 |   3265 |     55 |     39 |   2379 |   5 |  664.0 |
               +--------+--------+--------+--------+--------+-----+--------+

Top non-repeatable levels by time:
     D:3: 1179 daAuts
     D:1: 915 daAuts
     D:2: 674 daAuts
     D:4: 467 daAuts
     D:5: 83 daAuts
